 Dungeon Crawl Stone Soup version 0.30-a0-354-g6b83867211 (webtiles) character file.

Game seed: 11102621349230955645

57 Muataran the Ruffian (level 3, 0/36 HPs)
             Began as a Troll Delver on Nov 7, 2022.
             Succumbed to a scorpion's poison
             ... on level 5 of the Dungeon.
             The game lasted 00:01:29 (134 turns).

Muataran the Ruffian (Troll Delver)                  Turns: 134, Time: 00:01:30

Health: 0/36       AC:  4    Str: 20    XL:     3   Next: 73%
Magic:  2/2        EV: 10    Int:  8    God:
Gold:   0          SH:  0    Dex: 11    Spells: 2/2 levels left

rFire   . . .      SeeInvis .      - Unarmed
rCold   . . .      Faith    .    (no shield)
rNeg    . . .      Spirit   .    a - +0 robe
rPois   .          Reflect  .    (helmet restricted)
rElec   .          Harm     .    (no cloak)
rCorr   .          Rampage  .    (gloves unavailable)
Will    .....                    (boots unavailable)
Stlth   ++........               (no amulet)
HPRegen 1.06/turn                (no ring)
MPRegen 0.08/turn                (no ring)

@: lethally poisoned (0 -> -1)
A: large, unfitting armour, claws 3, regeneration 1, shaggy fur 1, tough skin 1
a: no special abilities


You were on level 5 of the Dungeon.
You visited 1 branch of the dungeon, and saw 1 of its levels.

Inventory:

Armour
 a - a +0 robe (worn)
Wands
 f - a wand of digging (3)
 h - a wand of flame (22)
Scrolls
 b - a scroll of fog
 c - a scroll of magic mapping
 d - a scroll of teleportation {unknown}
 g - a scroll of identify {unknown}
Potions
 e - a potion of haste


   Skills:
 + Level 2.8 Fighting
 + Level 2.1 Dodging
 - Level 2.7 Stealth
 * Level 3.2 Unarmed Combat


You had 2 spell levels left.
You didn't know any spells.
Your spell library was empty.

Dungeon Overview and Level Annotations

Branches:
Dungeon (5/15)
 Temple: D:4-7

Altars:

Annotations:
D:5 Blork the orc


Innate Abilities, Weirdness & Mutations

You are too large for most types of armour.
You have claws for hands.
Your natural rate of healing is unusually fast.
You are covered in fur. (AC +1)
You have tough skin. (AC +1)


Message History

You scratch the scorpion.
The scorpion is heavily wounded.
The scorpion misses you. The scorpion stings you.
You closely miss the scorpion.
The scorpion is heavily wounded.
The scorpion stings you.
You are poisoned.
The scorpion poisons you!
You scratch the scorpion.
The scorpion is heavily wounded.
You feel very sick. The scorpion stings you.
You are lethally poisoned!
The scorpion poisons you!
You claw the scorpion!
You kill the scorpion!
* * * LOW HITPOINT WARNING * * *
You feel very sick.
Your Dodging skill increases to level 2!
Your Unarmed Combat skill increases to level 3!
You have reached level 2!
You have reached level 3!
Your experience leads to an increase in your attributes!
Increase (S)trength, (I)ntelligence, or (D)exterity?
You feel clever. x2; You feel stronger.
* * * LOW HITPOINT WARNING * * *
You feel very sick.
You see here a scorpion corpse.
Okay, then.
Found a scroll labelled PAGISUTEUFA.
* * * LOW HITPOINT WARNING * * *
You feel very sick.
* * * LOW HITPOINT WARNING * * *
You feel very sick.
You see here a scroll labelled DIZEQOBASA.
d - a scroll labelled DIZEQOBASA
* * * LOW HITPOINT WARNING * * *
You feel sick.
Found a ring mail.
You die...

....#
#.........#
###.#
#.#######.#
#...... ###.###
# #######
#.....#.#
##.###.#.#.##
#.. #†.....#
#..###.###..#
.##......## #
.......@..#
..........?..[.
....###...##...
### ##.## .#
#.# # # #.. #
### # #


There were no monsters in sight!

Vanquished Creatures
  A scorpion (D:5)
  A quokka (D:5)
2 creatures vanquished.

Notes
Turn   | Place    | Note
-------+----------+-------------------------------------------
     0 | D:5      | Muataran the Troll Delver began the quest for the Orb.
     0 | D:5      | Reached XP level 1. HP: 22/22 MP: 0/0
    18 | D:5      | Noticed Blork the orc
    68 | D:5      | Noticed an iguana
    99 | D:5      | Noticed a hound
   118 | D:5      | Noticed a scorpion
   129 | D:5      | Killed a scorpion
   130 | D:5      | Reached skill level 3 in Unarmed Combat
   130 | D:5      | Reached XP level 2. HP: 7/29 MP: 1/1
   130 | D:5      | Reached XP level 3. HP: 9/36 MP: 2/2
   133 | D:5      | HP: 1/36 [poisoned by a scorpion]
   134 | D:5      | Succumbed to a scorpion's poison

Illustrated notes

Levels and vault maps discovered:
D:5:      layout_loops_ring, fedhas_altar_1,
          mainiacjoe_overflow_surrounded_room, uniq_prince_ribbit1,
          uniq_menkaure, uniq_blork_the_orc

Skill      XL: |  1 |
---------------+----+-----
Dodging        | 2 |  2.1
Unarmed Combat | 3 |  3.2
Fighting       | |  2.8
Stealth        | |  2.7

Action                   || total
-------------------------++-------
Melee: Unarmed           ||    10
  Use: Scroll            ||     1
 Stab: Sleeping          ||     1
Armor: Robe              ||     2
Dodge: Dodged            ||     3

Table legend: (Time is in decaauts)
 A = Elapsed time spent in this place.
 B = Non-inter-level travel time spent in this place.
 C = Inter-level travel time spent in this place.
 D = Time resting spent in this place.
 E = Time spent auto-exploring this place.
 F = Levels seen in this place.
 G = Mean time per level.
                   A        B        C        D        E       F      G
               +--------+--------+--------+--------+--------+-----+--------+
         Total |    133 |    133 |      0 |      0 |     13 |   1 |  133.0 |
       Dungeon |    133 |    133 |      0 |      0 |     13 |   1 |  133.0 |
               +--------+--------+--------+--------+--------+-----+--------+

Top non-repeatable levels by time:
     D:5: 133 daAuts
